 Dungeon Sprint DCSS version 0.30-a0-605-gb2882149bf (webtiles) character file.

Game seed: 12542542840008234079

1106 mhtbhm the Grappler (level 8, -7/88 HPs)
             Began as a Troll Transmuter on Jan 7, 2023.
             Was an Initiate of Gozag.
             Mangled by a merfolk
             ... wielding a +0 trident
             ... led by a merfolk aquamancer
              (24 damage)
             ... in the Dungeon (Sprint VII: "The Pits").
             The game lasted 00:01:45 (1168 turns).

mhtbhm the Grappler (Troll Transmuter)              Turns: 1168, Time: 00:01:46

Health: -7/88      AC:  5    Str: 21    XL:     8   Next: 11%
Magic:  9/14       EV: 11    Int:  9    God:    Gozag
Gold:   1422       SH:  0    Dex: 10    Spells: 6/16 levels left

rFire   x . .      SeeInvis .      - Unarmed
rCold   + + +      Faith    .    (shield currently unavailable)
rNeg    . . .      Spirit   .    (body armour currently unavailable)
rPois   +          Reflect  .    (helmet currently unavailable)
rElec   .          Harm     .    (cloak currently unavailable)
rCorr   .          Rampage  .    (gloves unavailable)
Will    .....      NoTele   +    (boots unavailable)
Stlth   ++                       (no amulet)
HPRegen 1.14/turn                (no ring)
MPRegen 0.14/turn                (no ring)

@: ice-form, engulfed, wereblooded
A: freezing attack, amphibious, boosted hp, large, unfitting armour, (claws 3),
regeneration 1, (shaggy fur 1), (tough skin 1)
a: End Transformation, Renounce Religion, Potion Petition, Call Merchant, Bribe
Branch


You were in the Dungeon.
You worshipped Gozag.
Gozag was most pleased with you.
You were a creature of crystalline ice.
You visited 1 branch You collected 1422 gold pieces.

Inventory:

Armour
 a - a +0 robe (melded)
Scrolls
 h - a scroll of blinking
 j - 5 scrolls of amnesia
 k - a scroll of butterflies
Potions
 b - a potion of lignification
 c - 6 potions of curing
 d - 6 potions of heal wounds
 e - a potion of haste
 f - 4 potions of magic
 g - 2 potions of berserk rage
 i - 2 potions of invisibility


   Skills:
 + Level 2.5 Fighting
 + Level 6.0 Dodging
 + Level 2.3 Stealth
 + Level 12.4 Unarmed Combat
 + Level 4.7 Spellcasting
 + Level 5.3 Transmutations
 + Level 0.7 Ice Magic


You had 6 spell levels left.
You knew the following spells:

 Your Spells              Type           Power      Damage    Failure   Level
a - Beastly Appendage     Tmut           22%        N/A       2%          1
b - Wereblood             Tmut           11%        N/A       4%          2
c - Spider Form           Tmut/Pois      6%         N/A       26%         3
d - Ice Form              Ice/Tmut       7%         N/A       58%         4

Your spell library contained the following spells:

 Spells                   Type           Power      Damage    Failure   Level


Dungeon Overview and Level Annotations

Branches:
Dungeon (1/1)

Altars:
Ashenzari
Cheibriados
Dithmenos
Elyvilon
Fedhas
Gozag
Hepliaklqana
Kikubaaqudgha
Makhleb
Nemelex Xobeh
Okawaru
Qazlal
Ru
Sif Muna
Trog
Uskayaw
Vehumet
Wu Jian
Xom
Yredelemnul
Zin
The Shining One
Jiyva
Lugonu


Innate Abilities, Weirdness & Mutations

You are a creature of crystalline ice.
You have a powerful freezing melee attack.
You are amphibious.
Your maximum health is increased.
Your armour is entirely melded.
You are incapable of wielding weapons or throwing items.
You are too large for most types of armour.
((You have claws for hands.))
Your natural rate of healing is unusually fast.
((You are covered in fur. (AC +1)))
((You have tough skin. (AC +1)))


Message History

The spell is quite dangerous to miscast (58% risk of failure)!
Continue anyway?
You turn into a creature of crystalline ice.
Your +0 robe melds into your body.
Casting: Ice Form (dangerous; 58% risk of failure)
Confirm with . or Enter, or press ? or * to list all spells.
Your blood is infused with primal strength.
You open the door.
A ball python skeleton, a tarantella, 3 merfolk and a water elemental come into view.
The tarantella's many legs skitter faintly.
The merfolk aquamancer shouts!
The merfolk shouts! x2
The merfolk throws a boomerang.
The boomerang misses you.
Unknown command.
The merfolk hits you from afar with a +0 trident.
There is an open door, spattered with blood here.
Things that are here:
a +0 dagger; a curare-tipped dart The merfolk completely misses you.
There is an open door, spattered with blood here.
You closely miss the merfolk. The merfolk barely misses you.
The merfolk closely misses you. The water elemental hits you.
The water elemental engulfs you in water!
You barely miss the merfolk. The water elemental hits you!
The merfolk hits you with a +0 trident. The merfolk barely misses you.
You barely miss the merfolk.
The merfolk hits you from afar with a +0 trident!
The water elemental closely misses you. The merfolk hits you with a +0 trident.
You punch the merfolk! You freeze the merfolk.
The merfolk is moderately wounded.
You hit the merfolk but do no damage.
The merfolk is moderately wounded.
The merfolk hits you from afar with a +0 trident!
The merfolk closely misses you. The water elemental hits you.
You pummel the merfolk!! You freeze the merfolk.
The merfolk is severely wounded.
The merfolk hits you with a +0 trident!!
The water elemental hits you!
* * * LOW HITPOINT WARNING * * *
The merfolk hits you from afar with a +0 trident!!
You die...
Your body crumbles into a pile of gold.

#.#..#..#[[##.......#
#.##'#..#'###...<...#
#.#....)...##.......#
#.#........##.......#
#'###########.......#
#.).....#..##########
#))###..#.## ###
#)).....#)# ...#
##.###.##Y#m...#
#.......#mEZs..+
#..###..#'#m...#
#.......')#....#
########### ####


You could see 2 merfolk, a water elemental, a tarantella and a ball python
skeleton.

Vanquished Creatures
  Pikel (D)
  An acid dragon (D)
  Duvessa (D)
  A black bear (D)
  A floating eye (D)
  A kobold brigand (D)
  A scorpion (D)
  A necrophage (D)
  Dowan (D)
  An orc priest (D)
  A mummy (D)
  An adder (D)
  A gnoll (D)
  2 orcs (D)
  A ball python (D)
  A giant cockroach (D)
  A hobgoblin (D)
  A quokka (D)
  A bat (D)
  A frilled lizard (D)
  A kobold (D)
  A quokka zombie (D)
  2 rats (D)
25 creatures vanquished.

Notes
Turn   | Place    | Note
-------+----------+-------------------------------------------
     0 | D        | mhtbhm the Troll Transmuter began the quest for the Orb.
     0 | D        | Reached XP level 1. HP: 18/18 MP: 1/1
    16 | D        | Found a bloodstained altar of Trog.
    16 | D        | Found a shimmering blue altar of Sif Muna.
    16 | D        | Found a viscous altar of Jiyva.
    16 | D        | Found a hazy altar of Hepliaklqana.
    16 | D        | Found an opulent altar of Gozag.
    17 | D        | Found a glowing golden altar of the Shining One.
    17 | D        | Found a glowing silver altar of Zin.
    17 | D        | Found a basalt altar of Yredelemnul.
    17 | D        | Found a shimmering altar of Xom.
    17 | D        | Found an ornate altar of the Wu Jian Council.
    17 | D        | Found a sacrificial altar of Ru.
    17 | D        | Found a stormy altar of Qazlal.
    17 | D        | Found an iron altar of Okawaru.
    17 | D        | Found a sparkling altar of Nemelex Xobeh.
    17 | D        | Found a burning altar of Makhleb.
    17 | D        | Found a blossoming altar of Fedhas.
    17 | D        | Found a white marble altar of Elyvilon.
    17 | D        | Found a shadowy altar of Dithmenos.
    17 | D        | Found a snail-covered altar of Cheibriados.
    19 | D        | Found a radiant altar of Vehumet.
    19 | D        | Found a corrupted altar of Lugonu.
    20 | D        | Found a hide-covered altar of Uskayaw.
    20 | D        | Found an ancient bone altar of Kikubaaqudgha.
    20 | D        | Found a broken altar of Ashenzari.
    24 | D        | Became a worshipper of Gozag Ym Sagoz the Greedy
    59 | D        | Noticed a scorpion
    66 | D        | Killed a scorpion
    67 | D        | Reached skill level 1 in Fighting
    67 | D        | Reached skill level 6 in Unarmed Combat
    67 | D        | Reached XP level 2. HP: 18/27 MP: 2/4
    67 | D        | Reached XP level 3. HP: 23/33 MP: 2/5
   104 | D        | Learned a level 2 spell: Wereblood
   108 | D        | Learned a level 3 spell: Spider Form
   155 | D        | Noticed a floating eye
   159 | D        | Killed a floating eye
   160 | D        | Reached skill level 8 in Unarmed Combat
   160 | D        | Reached XP level 4. HP: 35/41 MP: 1/7
   160 | D        | Reached XP level 5. HP: 41/48 MP: 1/8
   192 | D        | Learned a level 4 spell: Ice Form
   256 | D        | Noticed Duvessa
   257 | D        | Noticed Dowan
   262 | D        | Killed Dowan
   266 | D        | Killed Duvessa
   267 | D        | Reached skill level 1 in Stealth
   267 | D        | Reached skill level 9 in Unarmed Combat
   267 | D        | Reached XP level 6. HP: 44/55 MP: 6/10
   273 | D        | Reached skill level 10 in Unarmed Combat
   397 | D        | Noticed Pikel
   405 | D        | Killed Pikel
   406 | D        | Reached skill level 5 in Dodging
   406 | D        | Reached skill level 11 in Unarmed Combat
   406 | D        | Reached skill level 5 in Transmutations
   406 | D        | Reached XP level 7. HP: 45/66 MP: 10/12
   736 | D        | Reached skill level 12 in Unarmed Combat
   741 | D        | Reached XP level 8. HP: 74/74 MP: 8/13
  1159 | D        | Noticed a tarantella
  1159 | D        | Noticed a merfolk aquamancer
  1159 | D        | Noticed a merfolk
  1159 | D        | Noticed a merfolk
  1168 | D        | Mangled by a merfolk

Illustrated notes

Levels and vault maps discovered:
D:        pitsprint [storerooms_1, entrance_room_1, metal_vault_4, armoury_1,
          mini_pit_1, grid_room_1, main_hall_1, silver_pit, the_coven_2,
          the_vestibule_1, steel_vault_2, golden_pit, hallway_of_sentries,
          crystal_vault_3, iron_vault_2, final_vault]

Skill      XL: |  1  2  3  4  5  6  7  8 |
---------------+-------------------------+-----
Fighting       | 1 2 |  2.5
Dodging        | 2 3 4 5 6 |  6.0
Unarmed Combat | 6 8 9 11 12 | 12.4
Spellcasting   | 2 3 4 |  4.7
Transmutations | 2 3 4 5 |  5.3
Stealth        | 1 2 |  2.3
Ice Magic      | |  0.7

Action                   |  1- 3 |  4- 6 |  7- 9 || total
-------------------------+-------+-------+-------++-------
Melee: Unarmed           |    17 |    33 |    23 ||    73
       Kick              |       |     5 |       ||     5
 Cast: Wereblood         |     1 |     1 |     2 ||     4
       Spider Form       |     1 |       |       ||     1
       Beastly Appendage |       |     1 |       ||     1
       Ice Form          |       |       |     2 ||     2
  Use: Potion            |       |     1 |       ||     1
 Stab: Sleeping          |     1 |     1 |       ||     2
Armor: Robe              |     4 |     7 |       ||    11
       Skin              |       |       |     2 ||     2
Dodge: Dodged            |    10 |    11 |    18 ||    39

Table legend: (Time is in decaauts)
 A = Elapsed time spent in this place.
 B = Non-inter-level travel time spent in this place.
 C = Inter-level travel time spent in this place.
 D = Time resting spent in this place.
 E = Time spent auto-exploring this place.
 F = Levels seen in this place.
 G = Mean time per level.
                   A        B        C        D        E       F      G
               +--------+--------+--------+--------+--------+-----+--------+
         Total |   1168 |   1168 |      0 |    865 |      0 |   1 | 1168.0 |
       Dungeon |   1168 |   1168 |      0 |    865 |      0 |   1 | 1168.0 |
               +--------+--------+--------+--------+--------+-----+--------+

Top non-repeatable levels by time:
       D: 1168 daAuts
